 Dungeon Crawl Stone Soup version 0.23.2-30-g0e89c35 (webtiles) character file.

Game seed: 15403786636495364994

188 Fortress the Firebug (level 5, -4/38 HPs)
             Began as a Draconian Fire Elementalist on June 21, 2019.
             Killed from afar by an orc wizard (11 damage)
             ... with a puff of flame
             ... on level 3 of the Dungeon.
             The game lasted 00:13:17 (3134 turns).

Fortress the Firebug (Draconian Fire Elementalist)  Turns: 3134, Time: 00:13:18

Health: -4/38      AC:  5    Str: 11    XL:     5   Next: 39%
Magic:  0/10       EV: 12    Int: 16    God:
Gold:   123        SH:  0    Dex: 11    Spells: 10/11 levels left

rFire    . . .     SeeInvis .   i - +0 dagger (protect)
rCold    . . .     Gourm    .   (no shield)
rNeg     . . .     Faith    .   (armour unavailable)
rPois    .         Spirit   .   (helmet restricted)
rElec    .         Reflect  .   (no cloak)
rCorr    .         Harm     .   (no gloves)
MR       .....                  (no boots)
Stlth    ++........             (no amulet)
HPRegen  0.12/turn              (no ring)
MPRegen  0.12/turn              (no ring)

@: no status effects
A: unfitting armour, cold-blooded, AC +5
a: no special abilities


You were on level 3 of the Dungeon.
You were hungry.

You visited 1 branch of the dungeon, and saw 3 of its levels.

You collected 123 gold pieces.

Inventory:

Hand Weapons
 a - a +0 hand axe
 h - a +3 spear of freezing
 i - a +0 dagger of protection (weapon)
 p - a +0 hunting sling
 r - a +0 blowgun
Missiles
 c - 18 sling bullets
 k - 106 stones (quivered)
 q - 16 poisoned needles
Scrolls
 f - 2 scrolls of random uselessness {unknown}
 g - a scroll of identify {unknown}
 j - 3 scrolls of enchant armour {unknown}
 l - a scroll of remove curse {unknown}
 o - a scroll of teleportation {unknown}
Potions
 d - a potion of flight {unknown}
 e - a potion of mutation {unknown}
 m - a potion of lignification {unknown}
 n - a potion of curing {unknown}
 s - a potion of haste {unknown}
Comestibles
 b - 6 rations


   Skills:
 - Level 2.0 Dodging
 - Level 2.0 Stealth
 + Level 3.5 Spellcasting
 + Level 2.3 Conjurations
 + Level 4.4 Fire Magic


You had 10 spell levels left.
You knew the following spells:

 Your Spells              Type           Power        Failure   Level  Hunger
a - Flame Tongue          Conj/Fire      ##...        4%          1    None

Your spell library contained the following spells:

 Spells                   Type           Power        Failure   Level  Hunger
 Throw Flame              Conj/Fire      ##....       7%          2    ##.....
 Conjure Flame            Conj/Fire      ##......     13%         3    ###....
 Inner Flame              Hex/Fire       #.......     22%         3    ###....
 Sticky Flame             Conj/Fire      ##......     41%         4    ####...
 Fireball                 Conj/Fire      ##........   77%         5    ######.


Dungeon Overview and Level Annotations

Branches:
Dungeon (3/15)

Altars:
Kikubaaqudgha


Innate Abilities, Weirdness & Mutations

Your plain brown scales are hard. (AC +5)
You cannot fit into any form of body armour.
You are cold-blooded and may be slowed by cold attacks.


Message History

The orc wizard gestures wildly while chanting.
The orc wizard seems to speed up.
Casting: Flame Tongue (safe; 4% risk of failure)
Confirm with . or Enter, or press ? or * to list all spells.
Aiming: Flame Tongue (safe; 4% risk of failure)
Press: ? - help, Shift-Dir - straight line, f/p - orc wizard
Aim: an orc wizard, wielding a +0 dagger and wearing a +0 robe (fast)
The flame tongue hits the orc wizard.
The orc wizard is moderately wounded.
The orc wizard barely misses you.
Casting: Flame Tongue (safe; 4% risk of failure)
Confirm with . or Enter, or press ? or * to list all spells.
Aiming: Flame Tongue (safe; 4% risk of failure)
Press: ? - help, Shift-Dir - straight line, f/p - orc wizard
Aim: an orc wizard, wielding a +0 dagger and wearing a +0 robe (moderately wounded, fast)
The flame tongue hits the orc wizard but does no damage.
The orc wizard is moderately wounded.
The orc wizard points at you and mumbles some strange words.
The puff of flame hits you!
You die...

...........#.# #.
#..)########..#.# ###. #o
#...#....##.....###...
#.###'#.#._≈....⌠...#...#.
..oo....#...≈..........##.
#..o....#...≈≈..........##
#>......##..≈≈≈≈........##
#....g.##.≈≈≈≈≈........##
#..#@..≈≈≈≈.......##.
#.$o)⌠..≈.≈........#.
####.................
####<#####........ #...
#........ #...##........
#...##........
#>..##........
#............


You could see an orc wizard.

Vanquished Creatures
  2 orc wizards (D:3)
  Robin (D:3)
  2 adders (D:2)
  An ooze (D:1)
  2 worms (D:2)
  3 dart slugs
  A leopard gecko (D:3)
  8 orcs (D:3)
  3 bats
  A giant cockroach (D:2)
  22 goblins
  5 hobgoblins
  6 jackals
  6 kobolds
  A quokka (D:2)
  2 ball pythons
  4 frilled lizards
  6 rats
76 creatures vanquished.

Notes
Turn   | Place    | Note
-------+----------+-------------------------------------------
     0 | D:1      | Fortress the Draconian Fire Elementalist began the quest
                  | for the Orb.
     0 | D:1      | Reached XP level 1. HP: 14/14 MP: 3/3
   217 | D:1      | Reached XP level 2. HP: 15/20 MP: 1/5
  1443 | D:2      | Reached XP level 3. HP: 26/26 MP: 2/6
  1843 | D:2      | Reached skill level 4 in Fire Magic
  2235 | D:2      | Reached XP level 4. HP: 33/33 MP: 4/8
  2614 | D:3      | Noticed Robin
  2649 | D:3      | Killed Robin
  2721 | D:3      | Reached XP level 5. HP: 24/38 MP: 0/9
  3066 | D:3      | Found an ancient bone altar of Kikubaaqudgha.
  3134 | D:3      | Killed from afar by an orc wizard

Skill      XL: |  1  2  3  4 |
---------------+-------------+-----
Stealth        | 2 |  2.0
Dodging        | 2 |  2.0
Fire Magic     | 4 |  4.4
Spellcasting   | 3 |  3.5
Conjurations   | 2 |  2.3

Action                   |  1- 3 |  4- 6 || total
-------------------------+-------+-------++-------
Melee: Hand axe          |     2 |       ||     2
       Dagger            |     5 |   173 ||   178
       Tailslap          |     1 |    18 ||    19
 Cast: Flame Tongue      |    60 |    49 ||   109
  Use: Potion            |       |     2 ||     2
 Stab: Sleeping          |     1 |       ||     1
  Eat: Chunk             |     4 |     3 ||     7
Armor: Skin              |     8 |   112 ||   120
Dodge: Dodged            |     9 |   131 ||   140
